 Dungeon Crawl Stone Soup version 0.27-a0-1416-g941b2bd30b (webtiles) character file.

Game seed: 4929257350858204758

40 blackman the Grasshopper (level 3, 0/31 HPs)
             Began as a Gnoll Warper on July 1, 2021.
             Was an Initiate of Gozag.
             Succumbed to a scorpion's poison
             ... on level 4 of the Dungeon.
             The game lasted 00:15:56 (3234 turns).

blackman the Grasshopper (Gnoll Warper)             Turns: 3234, Time: 00:15:56

Health: 0/31       AC:  3    Str: 11    XL:     3   Next: 50%
Magic:  1/9        EV: 12    Int: 12    God:    Gozag
Gold:   176        SH:  0    Dex: 11    Spells: 4/12 levels left

rFire    . . .     SeeInvis .   q - +2 trident (freeze)
rCold    . . .     Faith    .   (no shield)
rNeg     . . .     Spirit   .   b - +0 leather armour
rPois    .         Reflect  .   (no helmet)
rElec    .         Harm     .   (no cloak)
rCorr    .         Rampage  .   (no gloves)
Will     .....                  (no boots)
Stlth    +.........             (no amulet)
HPRegen  0.10/turn              (no ring)
MPRegen  0.11/turn              (no ring)

@: lethally poisoned (0 -> -10), very slightly contaminated
A: fangs 1, strong nose, distributed training
a: Renounce Religion, Potion Petition, Call Merchant, Bribe Branch


You were on level 4 of the Dungeon.
You worshipped Gozag.
Gozag was aware of your devotion.
You visited 1 branch of the dungeon, and saw 4 of its levels.

You collected 176 gold pieces.

Inventory:

Hand Weapons
 a - a +0 falchion
 q - a +2 trident of freezing (weapon)
 s - a +0 hand axe of venom
Missiles
 d - 5 boomerangs of dispersal (quivered)
 l - 17 poisoned darts
Armour
 b - a +0 leather armour (worn)
Magical Staves
 f - a staff of earth
Wands
 t - a wand of flame (23)
Scrolls
 g - a scroll of acquirement {unknown}
 k - 2 scrolls of enchant armour {unknown}
 m - 2 scrolls of teleportation {unknown}
 o - a scroll of magic mapping {unknown}
Potions
 e - a potion of brilliance {unknown}
 h - a potion of ambrosia {unknown}
 i - a potion of haste {unknown}
 j - a potion of might {unknown}
 n - a potion of invisibility {unknown}
 p - a potion of curing {unknown}
 r - a potion of flight {unknown}


   Skills:
 + Level 4.5 Fighting
 + Level 0.8 Short Blades
 + Level 4.5 Long Blades
 + Level 0.8 Axes
 + Level 0.8 Maces & Flails
 + Level 0.8 Polearms
 + Level 0.8 Staves
 + Level 0.8 Slings
 + Level 0.8 Bows
 + Level 0.8 Crossbows
 + Level 2.6 Throwing
 + Level 2.6 Armour
 + Level 4.5 Dodging
 + Level 0.8 Stealth
 + Level 0.8 Shields
 + Level 0.8 Unarmed Combat
 + Level 5.0 Spellcasting
 + Level 0.5 Conjurations
 + Level 0.5 Hexes
 + Level 0.5 Summonings
 + Level 0.5 Necromancy
 + Level 5.4 Translocations
 + Level 0.5 Transmutations
 + Level 0.5 Fire Magic
 + Level 0.5 Ice Magic
 + Level 0.5 Air Magic
 + Level 0.5 Earth Magic
 + Level 0.5 Poison Magic
 + Level 1.0 Invocations
 + Level 0.8 Evocations


You had 4 spell levels left.
You knew the following spells:

 Your Spells              Type           Power      Damage    Failure   Level
a - Blink                 Tloc           N/A        N/A       4%          2
b - Gell's Gravitas       Tloc           8%         N/A       9%          3
c - Teleport Other        Tloc           16%        N/A       9%          3

Your spell library contained the following spells:

 Spells                   Type           Power      Damage    Failure   Level
 Lesser Beckoning         Tloc           8%         N/A       9%          3
 Passage of Golubria      Tloc           N/A        N/A       28%         4
 Conjure Flame            Conj/Fire      4%         6-21      52%         3
 Ignite Poison            Fire/Tmut/Pois 4%         N/A       52%         3
 Mephitic Cloud           Conj/Pois/Air  4%         N/A       52%         3
 Ozocubu's Armour         Ice            4%         N/A       52%         3
 Tukima's Dance           Hex            4%         N/A       52%         3
 Sticky Flame             Conj/Fire      4%         2d3       90%         4
 Manifold Assault         Tloc           16%        N/A       61%         5
 Bolt of Magma            Conj/Fire/Erth 2%         4d4       99%         5
 Metabolic Englaciation   Hex/Ice        2%         N/A       99%         5
 Yara's Violent Unravell  Hex/Tmut       2%         3d3       99%         5
 Simulacrum               Ice/Necr       2%         N/A       100%        6


Dungeon Overview and Level Annotations

Branches:
Dungeon (4/15)
 Temple: D:4-7

Altars:
Gozag


Innate Abilities, Weirdness & Mutations

You have very sharp teeth.
Your uncanny sense of smell can sniff out nearby items.
Your experience applies equally to all skills.


Message History

Confirm with . or Enter, or press ? or * to list all spells.
You don't have enough magic to cast this spell.
Casting: Teleport Other (quite dangerous; 9% risk of failure)
Confirm with . or Enter, or press ? or * to list all spells.
You don't have enough magic to cast this spell.
Casting: Teleport Other (quite dangerous; 9% risk of failure)
Confirm with . or Enter, or press ? or * to list all spells.
You don't have enough magic to cast this spell.
Casting: Teleport Other (quite dangerous; 9% risk of failure)
Confirm with . or Enter, or press ? or * to list all spells.
You don't have enough magic to cast this spell.
Unknown command.
You hit the scorpion. You freeze the scorpion. Your bite misses the scorpion.
The scorpion is lightly wounded.
You are no longer locked in place.
You feel sick. The jackal closely misses you. The jackal bites you.
The scorpion barely misses you.
The jackal is distracted by your dazzling golden aura.
The jackal bites you. The scorpion stings you!
You are lethally poisoned!
The scorpion poisons you!
You closely miss the scorpion.
The scorpion is lightly wounded.
* * * LOW HITPOINT WARNING * * *
You feel very sick.
The jackal is distracted by your dazzling golden aura.
The scorpion closely misses you.
The jackal barks!
Casting: Teleport Other (quite dangerous; 9% risk of failure)
Confirm with . or Enter, or press ? or * to list all spells.
You don't have enough magic to cast this spell.
* * * LOW HITPOINT WARNING * * *
You feel very sick.
The jackal is no longer distracted by gold.
The scorpion closely misses you.
Blink to where?
Press: ? - help, Dir - move target, p - scorpion
As you read the scroll of blinking, it crumbles to dust.
You die...
Your body crumbles into a pile of gold.

......... .
#.......
..##.......
#.........
...[.....##
..........####.
#......#.....
##..@.......
#............
##......##...
#.......##...
###$h........
##.$.sh.#..
#....ยง..#.##
##...........
#####..#.#.....


You could see a scorpion and 2 jackals.

Vanquished Creatures
  3 orcs (D:3)
  3 ball pythons
  An endoplasm (D:1)
  3 goblins
  5 hobgoblins
  5 jackals
  4 kobolds
  A quokka (D:2)
  2 bats
  4 frilled lizards
  5 rats
36 creatures vanquished.

Vanquished Creatures (others)
  3 plants (D:1)
3 creatures vanquished.

Grand Total: 39 creatures vanquished

Notes
Turn   | Place    | Note
-------+----------+-------------------------------------------
     0 | D:1      | blackman the Gnoll Warper began the quest for the Orb.
     0 | D:1      | Reached XP level 1. HP: 20/20 MP: 6/6
   427 | D:1      | Reached XP level 2. HP: 17/26 MP: 7/7
   430 | D:1      | Learned a level 2 spell: Blink
   889 | D:1      | Found a faded altar of an unknown god.
   963 | D:1      | Became a worshipper of Gozag Ym Sagoz the Greedy
  1435 | D:2      | Reached XP level 3. HP: 31/31 MP: 9/9
  1491 | D:2      | Learned a level 3 spell: Gell's Gravitas
  1592 | D:2      | Reached skill level 5 in Spellcasting
  2505 | D:3      | Learned a level 3 spell: Teleport Other
  3220 | D:4      | Reached skill level 1 in Invocations
  3223 | D:4      | Noticed a scorpion
  3234 | D:4      | Succumbed to a scorpion's poison

Illustrated notes

Levels and vault maps discovered:
D:1:      psy_arrival_conway, layout_basic, serial_glass, glass_columns_a,
          glass_columns_b, hellmonk_ecumenical_altar_crossroads, minivault_25
D:2:      layout_loops_ring, kennysheep_nub
D:3:      layout_loops_corners
D:4:      layout_cave_pools, minmay_temple_entry_junction_2

Skill      XL: |  1  2  3 |
---------------+----------+-----
Spellcasting   | 5 |  5.0
Invocations    | 1 |  1.0
Fighting       | |  4.5
Short Blades   | |  0.8
Long Blades    | |  4.5
Axes           | |  0.8
Maces & Flails | |  0.8
Polearms       | |  0.8
Staves         | |  0.8
Slings         | |  0.8
Bows           | |  0.8
Crossbows      | |  0.8
Throwing       | |  2.6
Armour         | |  2.6
Dodging        | |  4.5
Stealth        | |  0.8
Shields        | |  0.8
Unarmed Combat | |  0.8
Conjurations   | |  0.5
Hexes          | |  0.5
Summonings     | |  0.5
Necromancy     | |  0.5
Translocations | |  5.4
Transmutations | |  0.5
Fire Magic     | |  0.5
Ice Magic      | |  0.5
Air Magic      | |  0.5
Earth Magic    | |  0.5
Poison Magic   | |  0.5
Evocations     | |  0.8

Action                   || total
-------------------------++-------
Melee: Falchion          ||    85
       Bite              ||     4
       Trident           ||    12
 Cast: Blink             ||     9
       Teleport Other    ||     2
       Gell's Gravitas   ||     1
  Use: Scroll            ||     1
Armor: Leather armour    ||    13
Dodge: Dodged            ||    57
       Rpst.: Falchion   ||    12

Table legend: (Time is in decaauts)
 A = Elapsed time spent in this place.
 B = Non-inter-level travel time spent in this place.
 C = Inter-level travel time spent in this place.
 D = Time resting spent in this place.
 E = Time spent auto-exploring this place.
 F = Levels seen in this place.
 G = Mean time per level.
                   A        B        C        D        E       F      G
               +--------+--------+--------+--------+--------+-----+--------+
         Total |   3249 |   2971 |    278 |    336 |   2131 |   4 |  812.2 |
       Dungeon |   3249 |   2971 |    278 |    336 |   2131 |   4 |  812.2 |
               +--------+--------+--------+--------+--------+-----+--------+

Top non-repeatable levels by time:
     D:3: 1105 daAuts
     D:1: 1080 daAuts
     D:2: 1019 daAuts
     D:4: 43 daAuts
